 Dungeon Crawl Stone Soup version 0.24.0-13-gcf9b319 (webtiles) character file.

Game seed: 2335955203591894662, levelgen mode: deterministic

81 Faca the Stinger (level 4, -4/38 HPs)
             Began as a Gnoll Wanderer on Nov 9, 2019.
             Slain by a goblin (5 damage)
             ... led by Robin
             ... on level 2 of the Dungeon.
             The game lasted 00:03:25 (1401 turns).

Faca the Stinger (Gnoll Wanderer)                   Turns: 1401, Time: 00:03:27

Health: -4/38      AC:  9    Str: 13    XL:     4   Next: 40%
Magic:  5/5        EV:  9    Int: 17    God:
Gold:   88         SH:  0    Dex: 14    Spells: 5/5 levels left

rFire    . . .     SeeInvis .   l - +1 short sword
rCold    . . .     Gourm    .   (no shield)
rNeg     . . .     Faith    .   d - +2 scale mail
rPois    .         Spirit   .   (no helmet)
rElec    .         Reflect  .   (no cloak)
rCorr    .         Harm     .   (no gloves)
MR       .....                  (no boots)
Stlth    ..........             (no amulet)
HPRegen  0.12/turn              j - ring of attention (curse)
MPRegen  0.09/turn              (no ring)

@: no status effects
A: distributed training, fangs 1, strong nose
a: no special abilities


You were on level 2 of the Dungeon.
You were not hungry.

You visited 1 branch of the dungeon, and saw 2 of its levels.

You collected 88 gold pieces.

Inventory:

Hand Weapons
 l - a +1 short sword (weapon)
Missiles
 i - 107 stones (quivered)
Armour
 d - a +2 scale mail (worn)
Jewellery
 j - a cursed ring of attention (left hand)
Scrolls
 h - a scroll of enchant weapon
Potions
 a - a potion of flight {unknown}
 c - a potion of curing
 k - a potion of heal wounds
 m - a potion of agility {unknown}
Comestibles
 b - 2 chunks of flesh
 f - 6 rations


   Skills:
 + Level 4.6 Fighting
 + Level 1.1 Short Blades
 + Level 1.1 Long Blades
 + Level 2.7 Axes
 + Level 1.1 Maces & Flails
 + Level 1.1 Polearms
 + Level 1.1 Staves
 + Level 1.1 Slings
 + Level 1.1 Bows
 + Level 1.1 Crossbows
 + Level 2.7 Throwing
 + Level 4.6 Armour
 + Level 1.1 Dodging
 + Level 2.5 Stealth
 + Level 1.1 Shields
 + Level 1.1 Unarmed Combat
 + Level 1.1 Spellcasting
 + Level 0.8 Conjurations
 + Level 0.8 Hexes
 + Level 0.8 Charms
 + Level 0.8 Summonings
 + Level 0.8 Necromancy
 + Level 0.8 Translocations
 + Level 0.8 Transmutations
 + Level 0.8 Fire Magic
 + Level 0.8 Ice Magic
 + Level 0.8 Air Magic
 + Level 0.8 Earth Magic
 + Level 5.4 Poison Magic
 + Level 1.2 Invocations
 + Level 1.1 Evocations


You had 5 spell levels left.
You didn't know any spells.
Your spell library was empty.

Dungeon Overview and Level Annotations

Branches:
Dungeon (2/15)

Altars:


Innate Abilities, Weirdness & Mutations

Your experience applies equally to all skills.
You have very sharp teeth.
Your uncanny sense of smell can sniff out nearby items.


Message History

Robin barely misses you.
The goblin hits you but does no damage. x2
The goblin hits you. The goblin hits you with a +0 club.
You hit Robin.
Robin is severely wounded.
The goblin hits you.
The goblin hits you but does no damage. x2
The goblin hits you with a +0 club!
* * * LOW HITPOINT WARNING * * *
You hit Robin.
Robin is almost dead.
The goblin hits you but does no damage. The goblin barely misses you.
The goblin misses you. The goblin hits you but does no damage.
Robin hits you but does no damage.
You hit Robin.
You kill Robin!
The goblin hits you.
* * * LOW HITPOINT WARNING * * *
The goblin hits you.
* * * LOW HITPOINT WARNING * * *
The goblin hits you.
You die...

.............#####.#.#..#
.#
......#.................#
.†....#............####.#
..............######
...)....(....####
.........(......#
.............##.##
.............##gg#
.....#.........#@#
...............ggg#
.......##.......gg..
....... #######...###
##... #..#. ##.#. .. .


You could see 2 hobgoblins and 5 goblins.

Vanquished Creatures
  Robin (D:2)
  2 adders (D:2)
  An ooze (D:1)
  3 dart slugs (D:1)
  2 leopard geckos (D:1)
  A ball python (D:2)
  A giant cockroach (D:2)
  9 goblins
  2 hobgoblins
  A quokka (D:2)
  7 bats
  6 frilled lizards
  4 kobolds (D:1)
  5 rats
45 creatures vanquished.

Notes
Turn   | Place    | Note
-------+----------+-------------------------------------------
     0 | D:1      | Faca the Gnoll Wanderer began the quest for the Orb.
     0 | D:1      | Faca set off with the following items: a +0 dagger, a
                  | scroll of teleportation, a potion of curing, a +2 scale
                  | mail, a ration
     0 | D:1      | Reached XP level 1. HP: 20/20 MP: 1/1
   231 | D:1      | Reached XP level 2. HP: 26/26 MP: 2/2
   641 | D:1      | Reached XP level 3. HP: 31/31 MP: 3/3
   924 | D:2      | Noticed Robin
  1002 | D:2      | Reached skill level 1 in Invocations
  1094 | D:2      | Reached skill level 1 in Short Blades
  1094 | D:2      | Reached skill level 1 in Long Blades
  1094 | D:2      | Reached skill level 1 in Maces & Flails
  1094 | D:2      | Reached skill level 1 in Polearms
  1094 | D:2      | Reached skill level 1 in Staves
  1094 | D:2      | Reached skill level 1 in Slings
  1094 | D:2      | Reached skill level 1 in Bows
  1094 | D:2      | Reached skill level 1 in Crossbows
  1094 | D:2      | Reached skill level 1 in Dodging
  1094 | D:2      | Reached skill level 1 in Shields
  1094 | D:2      | Reached skill level 1 in Unarmed Combat
  1094 | D:2      | Reached skill level 1 in Spellcasting
  1094 | D:2      | Reached skill level 1 in Evocations
  1111 | D:2      | Reached XP level 4. HP: 31/38 MP: 5/5
  1401 | D:2      | Killed Robin
  1401 | D:2      | HP: 1/38 [goblin[Robin] (2)]
  1401 | D:2      | Slain by a goblin

Levels and vault maps discovered:
D:1:      nagdon_arrival_double_spiral, layout_loops_ring
D:2:      layout_rooms, led_sif_pool, yredelemnul_altar_generic, uniq_jessica,
          uniq_robin

Skill      XL: |  1  2  3 |
---------------+----------+-----
Invocations    | 1 |  1.2
Short Blades   | 1 |  1.1
Long Blades    | 1 |  1.1
Maces & Flails | 1 |  1.1
Polearms       | 1 |  1.1
Staves         | 1 |  1.1
Slings         | 1 |  1.1
Bows           | 1 |  1.1
Crossbows      | 1 |  1.1
Dodging        | 1 |  1.1
Shields        | 1 |  1.1
Unarmed Combat | 1 |  1.1
Spellcasting   | 1 |  1.1
Evocations     | 1 |  1.1
Fighting       | |  4.6
Axes           | |  2.7
Throwing       | |  2.7
Armour         | |  4.6
Stealth        | |  2.5
Conjurations   | |  0.8
Hexes          | |  0.8
Charms         | |  0.8
Summonings     | |  0.8
Necromancy     | |  0.8
Translocations | |  0.8
Transmutations | |  0.8
Fire Magic     | |  0.8
Ice Magic      | |  0.8
Air Magic      | |  0.8
Earth Magic    | |  0.8
Poison Magic   | |  5.4

Action                   |  1- 3 |  4- 6 || total
-------------------------+-------+-------++-------
Melee: Dagger            |    64 |       ||    64
       Bite              |    17 |     1 ||    18
       Short sword       |   110 |    33 ||   143
  Use: Scroll            |     5 |       ||     5
  Eat: Chunk             |     1 |     1 ||     2
Armor: Scale mail        |   124 |    45 ||   169
Dodge: Dodged            |   122 |    44 ||   166
